 Dungeon Crawl Stone Soup version 0.30-a0-354-g6b83867211 (webtiles) character file.

Game seed: 2137618088331773301

108 Maxmaps the Cudgeller (level 4, -8/48 HPs)
             Began as an Ogre Monk on Nov 8, 2022.
             Mangled by Edmund
             ... wielding a +3 vorpal dire flail
              (11 damage)
             ... on level 4 of the Dungeon.
             The game lasted 00:01:59 (2688 turns).

Maxmaps the Cudgeller (Ogre Monk)                   Turns: 2688, Time: 00:02:00

Health: -8/48      AC:  3    Str: 15    XL:     4   Next: 87%
Magic:  4/4        EV: 10    Int: 13    God:
Gold:   153        SH:  0    Dex: 11    Spells: 3/3 levels left

rFire   . . .      SeeInvis .    a - +0 mace
rCold   . . .      Faith    .    (no shield)
rNeg    . . .      Spirit   .    b - +0 robe
rPois   .          Reflect  .    (helmet restricted)
rElec   .          Harm     .    (no cloak)
rCorr   .          Rampage  .    (gloves unavailable)
Will    .....                    (boots unavailable)
Stlth   ++........               (no amulet)
HPRegen 0.28/turn                (no ring)
MPRegen 0.09/turn                (no ring)

@: no status effects
A: large, unfitting armour, tough skin 1
a: no special abilities


You were on level 4 of the Dungeon.
You visited 1 branch of the dungeon, and saw 4 of its levels.

You collected 153 gold pieces.

Inventory:

Hand Weapons
 a - a +0 mace (weapon)
Missiles
 g - 2 throwing nets (quivered)
Armour
 b - a +0 robe (worn)
Jewellery
 m - a ring of positive energy
 r - an amulet of faith
Wands
 p - a wand of polymorph (6)
Scrolls
 d - 2 scrolls of enchant armour {unknown}
 e - 4 scrolls of identify {unknown}
 h - a scroll of brand weapon {unknown}
 k - a scroll of vulnerability {unknown}
 o - a scroll of immolation {unknown}
Potions
 c - a potion of ambrosia
 f - 3 potions of attraction {unknown}
 i - a potion of brilliance {unknown}
 j - 2 potions of curing {unknown}
 l - 2 potions of magic {unknown}
 n - a potion of flight {unknown}
 q - a potion of heal wounds {unknown}


   Skills:
 - Level 4.0 Fighting
 + Level 4.9 Maces & Flails
 - Level 2.6 Dodging
 - Level 1.4 Stealth


You had 3 spell levels left.
You didn't know any spells.
Your spell library contained the following spells:

 Spells                   Type           Power      Damage    Failure   Level
 Blink                    Tloc           0%         N/A       43%         2
 Momentum Strike          Conj/Tloc      0%         3d8       43%         2
 Call Canine Familiar     Summ           0%         N/A       67%         3
 Lesser Beckoning         Tloc           0%         N/A       67%         3
 Portal Projectile        Hex/Tloc       0%         N/A       67%         3
 Leda's Liquefaction      Hex/Erth       0%         N/A       97%         4


Dungeon Overview and Level Annotations

Branches:
Dungeon (4/15)
 Temple: D:4-7

Altars:

Shops:
D:3 ?

Annotations:
D:4 Edmund


Innate Abilities, Weirdness & Mutations

You are too large for most types of armour.
You have tough skin. (AC +1)


Message History

You thump the goblin!
You kill the goblin!
No target in view!
No target in view!
No target in view!
No target in view!
No target in view!
No target in view!
No target in view!
Things that are here:
a +0 dagger; a goblin corpse
Things that are here:
a +0 dagger; a goblin corpse Edmund the Younger comes into view.
He is wielding a +3 vorpal dire flail.
Edmund is nearby!
Found a stone staircase leading down.
Edmund shouts!
You barely miss Edmund.
Edmund hits you with a +3 vorpal dire flail.
You hit Edmund.
Edmund is lightly wounded.
Edmund hits you with a +3 vorpal dire flail.
You closely miss Edmund.
Edmund is lightly wounded.
An endoplasm comes into view.
Edmund hits you with a +3 vorpal dire flail!
You thump Edmund!
Edmund is lightly wounded.
Edmund hits you with a +3 vorpal dire flail!
* * * LOW HITPOINT WARNING * * *
x2 You are too injured to fight recklessly!
You are too injured to fight recklessly!
Okay, then.
Edmund attacks as you move away!
Edmund hits you with a +3 vorpal dire flail.
* * * LOW HITPOINT WARNING * * *
x2 Edmund attacks as you move away!
Edmund misses you. Edmund attacks as you move away!
Edmund hits you with a +3 vorpal dire flail!
You die...

### #.. #.# #.#
#.# ### #.# ##J#
###.###.#...#
#....@@###>.....
#.#.###.# ..####
#.#.# #.# ##
#.#.# ##
#.#)######
#........#
####.###.# #.#
#.#


You could see Edmund and an endoplasm.

Vanquished Creatures
  4 adders (D:3)
  A worm (D:2)
  3 dart slugs
  4 ball pythons
  5 endoplasms
  3 giant cockroaches
  4 goblins
  6 hobgoblins
  2 jackals (D:2)
  6 quokkas
  4 bats (D:3)
  4 frilled lizards
  8 kobolds
  6 rats
60 creatures vanquished.

Notes
Turn   | Place    | Note
-------+----------+-------------------------------------------
     0 | D:1      | Maxmaps the Ogre Monk began the quest for the Orb.
     0 | D:1      | Reached XP level 1. HP: 24/24 MP: 1/1
   125 | D:1      | You fall into a shaft and drop 1 floor!
   258 | D:1      | Reached XP level 2. HP: 19/32 MP: 2/2
   585 | D:1      | Reached XP level 3. HP: 26/39 MP: 3/3
  1595 | D:3      | Reached XP level 4. HP: 48/48 MP: 4/4
  1640 | D:3      | Found Tygo's Magic Scroll Emporium.
  2677 | D:4      | Noticed Edmund
  2685 | D:4      | HP: 2/48 [Edmund/+3 vorpal dire flail (1)]
  2688 | D:4      | Mangled by Edmund

Illustrated notes

Levels and vault maps discovered:
D:1:      dpeg_arrival_short_road, layout_loops_ring
D:2:      layout_rooms, glass_columns_c
D:3:      layout_loops_ring, serial_shops, shop_statue, kennysheep_potato
D:4:      layout_loops_ring, mainiacjoe_overflow_concentric_impassable,
          reono_crystal_passage, kennysheep_generic_room_15,
          uniq_crazy_yiuf_cottage, uniq_edmund

Skill      XL: |  1  2  3 |
---------------+----------+-----
Maces & Flails | 3 4 |  4.9
Fighting       | |  4.0
Dodging        | |  2.6
Stealth        | |  1.4

Action                   |  1- 3 |  4- 6 || total
-------------------------+-------+-------++-------
Melee: Mace              |   132 |    73 ||   205
       Punch             |     2 |     1 ||     3
 Stab: Sleeping          |     2 |     2 ||     4
Armor: Robe              |    49 |    21 ||    70
Dodge: Dodged            |    76 |    48 ||   124

Table legend: (Time is in decaauts)
 A = Elapsed time spent in this place.
 B = Non-inter-level travel time spent in this place.
 C = Inter-level travel time spent in this place.
 D = Time resting spent in this place.
 E = Time spent auto-exploring this place.
 F = Levels seen in this place.
 G = Mean time per level.
                   A        B        C        D        E       F      G
               +--------+--------+--------+--------+--------+-----+--------+
         Total |   2728 |   2650 |     78 |    305 |   1839 |   4 |  682.0 |
       Dungeon |   2728 |   2650 |     78 |    305 |   1839 |   4 |  682.0 |
               +--------+--------+--------+--------+--------+-----+--------+

Top non-repeatable levels by time:
     D:3: 1153 daAuts
     D:1: 965 daAuts
     D:2: 567 daAuts
     D:4: 42 daAuts
